 Dungeon Crawl Stone Soup version 0.30-a0-1035-g38d5fb2972 (webtiles) character file.

Game seed: 9914529054621068655

51 cdice the Chopper (level 3, -2/37 HPs)
             Began as an Ogre Reaver on Apr 9, 2023.
             Slain by a hobgoblin (6 damage)
             ... led by Robin
             ... on level 2 of the Dungeon.
             The game lasted 00:01:44 (1796 turns).

cdice the Chopper (Ogre Reaver)                     Turns: 1796, Time: 00:01:44

Health: -2/37      AC:  4    Str: 16    XL:     3   Next: 81%
Magic:  6/6        EV:  9    Int: 16    God:
Gold:   45         SH:  0    Dex:  7    Spells: 6/7 levels left

rFire   . . .      SeeInvis .    a - +0 hand axe
rCold   . . .      Faith    .    (no shield)
rNeg    . . .      Spirit   .    b - +0 robe
rPois   .          Reflect  .    (helmet restricted)
rElec   .          Rampage  .    h - +0 cloak
rCorr   .                        (gloves unavailable)
Will    .....                    (boots unavailable)
Stlth   +                        (no amulet)
HPRegen 0.26/turn                (no ring)
MPRegen 0.10/turn                (no ring)

@: hasted, very quick
A: large, unfitting armour, tough skin 1
a: no special abilities


You were on level 2 of the Dungeon.
You visited 1 branch of the dungeon, and saw 2 of its levels.

You collected 45 gold pieces.

Inventory:

Hand Weapons
 a - a +0 hand axe (weapon)
Armour
 b - a +0 robe (worn)
 h - a +0 cloak (worn)
Scrolls
 c - 4 scrolls of identify {unknown}
 d - a scroll of teleportation {unknown}
 f - a scroll of amnesia {unknown}


   Skills:
 * Level 3.2 Fighting
 + Level 3.5 Axes
 + Level 2.3 Dodging
 + Level 2.5 Spellcasting
 + Level 3.1 Conjurations


You had 6 spell levels left.
You knew the following spells:

 Your Spells              Type           Power      Damage    Failure   Level
a - Kiss of Death         Conj/Necr      28%        2d7       11%         1

Your spell library contained the following spells:

 Spells                   Type           Power      Damage    Failure   Level
 Momentum Strike          Conj/Tloc      14%        3d8       16%         2
 Hailstorm                Conj/Ice       7%         3d4       30%         3


Dungeon Overview and Level Annotations

Branches:
Dungeon (2/15)

Altars:
The Shining One

Annotations:
D:2 Robin


Innate Abilities, Weirdness & Mutations

You are too large for most types of armour.
You have tough skin. (AC +1)


Message History

* * * LOW HITPOINT WARNING * * *
The goblin closely misses you. The goblin barely misses you.
You closely miss the goblin. You barely miss Robin. You barely miss the goblin.
Unknown command.
You hit Robin.
Robin is heavily wounded.
You closely miss the goblin. x2; Robin hits you with a +0 mace.
* * * LOW HITPOINT WARNING * * *
The goblin closely misses you. x2
You hit Robin but do no damage.
Robin is heavily wounded.
You hit the goblin. x2; Robin closely misses you.
The goblin hits you with a +0 dagger.
* * * LOW HITPOINT WARNING * * *
The goblin hits you with a +0 dagger.
* * * LOW HITPOINT WARNING * * *
You closely miss Robin.
Robin is heavily wounded.
You barely miss the goblin. You hit the goblin but do no damage.
Robin closely misses you.
The goblin hits you but does no damage. x2
You barely miss Robin.
Robin is heavily wounded.
You hit the goblin.
You kill the goblin!
You completely miss the goblin. You hit Robin.
Robin is almost dead.
You hit the goblin but do no damage. The goblin barely misses you.
Robin says, "Kneel, worm!"
Robin throws the goblin at you!
You hit Robin but do no damage.
Robin is almost dead.
You hit the goblin.
You kill the goblin!
You hit the hobgoblin. Robin hits you but does no damage.
The hobgoblin closely misses you.
You hit Robin but do no damage.
Robin is almost dead.
You closely miss the hobgoblin. The hobgoblin hits you.
You die...

### #.# ##.###.# ##.#.##.# #
####.###.#.# # # #...## ##..# .#
# #.##.###.#.## .. #
#.###.#.#...#####.#..# #
##.####.#.....#gggw...#
#..##........##@##.#....
#.###.#.##..###)##.# . #.#
#.#............##..# #.#
#.####..###.#####... #.# #.#
#..###.# ..# #.# #.####...##..
..# #.# #.........#### ##.#
##.######.......## ##..#
....####.........####...#########


You could see Robin, a dart slug, a hobgoblin (strong) and a goblin (strong).

Vanquished Creatures
  An adder (D:2)
  A dart slug (D:1)
  3 ball pythons
  3 bats
  5 endoplasms
  5 hobgoblins
  2 kobolds
  2 frilled lizards (D:1)
  10 goblins
  3 rats (D:1)
35 creatures vanquished.

Notes
Turn   | Place    | Note
-------+----------+-------------------------------------------
     0 | D:1      | cdice the Ogre Reaver began the quest for the Orb.
     0 | D:1      | Reached XP level 1. HP: 22/22 MP: 3/3
   212 | D:1      | Reached XP level 2. HP: 29/29 MP: 5/5
  1042 | D:2      | Found a faded altar of an unknown god.
  1130 | D:2      | Reached XP level 3. HP: 37/37 MP: 6/6
  1226 | D:2      | Found a glowing golden altar of the Shining One.
  1769 | D:2      | Noticed Robin
  1796 | D:2      | Slain by a hobgoblin

Illustrated notes

Levels and vault maps discovered:
D:1:      minmay_arrival_semitransparent, layout_loops_corners
D:2:      layout_loops_corners, shapermc_ecumenical_altar_hornbeckon,
          basic_altar, minmay_misc_feat_ornament, uniq_robin

Skill      XL: |  1  2  3 |
---------------+----------+-----
Conjurations   | 3 |  3.1
Fighting       | 3 |  3.2
Dodging        | 2 |  2.3
Axes           | |  3.5
Spellcasting   | |  2.5

Action                     || total
---------------------------++-------
  Melee: Hand axe          ||   139
         Punch             ||     1
    Use: Potion            ||     2
   Stab: Sleeping          ||     1
 Armour: Robe              ||    57
  Dodge: Dodged            ||    83

Table legend: (Time is in decaauts)
 A = Elapsed time spent in this place.
 B = Non-inter-level travel time spent in this place.
 C = Inter-level travel time spent in this place.
 D = Time resting spent in this place.
 E = Time spent auto-exploring this place.
 F = Levels seen in this place.
 G = Mean time per level.
                   A        B        C        D        E       F      G
               +--------+--------+--------+--------+--------+-----+--------+
         Total |   1813 |   1797 |     16 |    233 |   1285 |   2 |  906.5 |
       Dungeon |   1813 |   1797 |     16 |    233 |   1285 |   2 |  906.5 |
               +--------+--------+--------+--------+--------+-----+--------+

Top non-repeatable levels by time:
     D:1: 1010 daAuts
     D:2: 802 daAuts
